 Dungeon Crawl Stone Soup version 0.29.1-15-g9cfb28693d (webtiles) character file.

Game seed: 12237793929534642256

2371 redmage the Geomancer (level 10, -25/81 HPs)
             Began as a Meteoran Earth Elementalist on Sept 11, 2023.
             Was an Initiate of Ashenzari.
             Annihilated by an orc knight
             ... wielding a +0 glaive
              (39 damage)
             ... in a bailey.
             The game lasted 00:31:06 (1617 turns).

redmage the Geomancer (Meteoran Earth Elementalist) Turns: 1617, Time: 00:31:07

Health: -25/81     AC:  5    Str:  9    XL:     10   Next: 3%
Magic:  9/23       EV: 12    Int: 22    God:    Ashenzari [......]
Gold:   338        SH:  0    Dex: 15    Spells: 16/26 levels left

rFire   . . .      SeeInvis .   o - +3 dagger
rCold   + . .      Faith    .   (no shield)
rNeg    . . .      Spirit   .   a - +0 robe
rPois   .          Reflect  .   f - +2 helmet "Circumscribed Mysticism" {Self, Evo} (curse)
rElec   .          Harm     .   (no cloak)
rCorr   .          Rampage  .   (no gloves)
Will    +....                   (no boots)
Stlth   +.........              (no amulet)
HPRegen 0.23/turn               u - ring of protection from cold
MPRegen 0.18/turn               (no ring)

@: glowing
A: sense surroundings 2, otherworldly, glowing, explore regen
a: Renounce Religion, Curse Item, Shatter the Chains


You were in a bailey.
You worshipped Ashenzari.
Ashenzari was noncommittal.
You visited 1 branch of the dungeon, and saw 8 of its levels.
You also visited: Ossuary and Bailey.

You collected 338 gold pieces.

Inventory:

Hand Weapons
 o - a +3 dagger (weapon)
Armour
 a - a +0 robe (worn)
 f - the cursed +2 helmet "Circumscribed Mysticism" (worn) {Self, Evo}
   (You found it on level 5 of the Dungeon)

   It has a curse which improves the following skills: Introspection: Fighting
   and Spellcasting.
   Evocations: Evocations.
Jewellery
 u - a ring of protection from cold (left hand)
Wands
 j - a wand of polymorph (5)
 k - a wand of flame (16)
 s - a wand of acid (4)
Scrolls
 c - a scroll of vulnerability
 p - a scroll of amnesia
 q - a scroll of fog
 t - a scroll of fear
Potions
 b - 2 potions of magic
 d - 6 potions of curing {unknown}
 e - 8 potions of heal wounds
 g - 2 potions of mutation
 h - a potion of berserk rage
 i - 2 potions of haste
 l - 2 potions of flight {unknown}
 m - 2 potions of brilliance
 n - 2 potions of degeneration {unknown}
 v - a potion of might
 w - a potion of resistance {unknown}
 z - a potion of experience


   Skills:
 - Level 4.6(5.0) Fighting
 - Level 2.4 Dodging
 - Level 1.4 Stealth
 - Level 8.0(8.5) Spellcasting
 - Level 5.0 Conjurations
 * Level 3.0 Summonings
 - Level 1.2 Transmutations
 * Level 2.7 Ice Magic
 - Level 8.3 Earth Magic
 - Level 5.1(5.5) Evocations


You had 16 spell levels left.
You knew the following spells:

 Your Spells              Type           Power      Damage    Failure   Level
a - Sandblast             Erth           92%        2d19      1%          1
b - Passwall              Tmut/Erth      25%        N/A       1%          2
c - Stone Arrow           Conj/Erth      76%        3d11      1%          3
d - Summon Ice Beast      Ice/Summ       22%        N/A       22%         4

Your spell library contained the following spells:

 Spells                   Type           Power      Damage    Failure   Level
 Animate Armour           Summ/Erth      68%        N/A       7%          4
 Petrify                  Tmut/Erth      30%        N/A       10%         4
 Summon Mana Viper        Hex/Summ       16%        N/A       71%         5
 Monstrous Menagerie      Summ           11%        N/A       100%        7
 Lehudib's Crystal Spear  Conj/Erth      19%        10d6      100%        8


Dungeon Overview and Level Annotations

Branches:
Dungeon (8/15) Zot: 3578   Temple (0/1) D:7         Ossuary (visited)
 Bailey (1/1) Zot: 394
   Lair: D:8-11

Altars:
Ashenzari
Nemelex Xobeh
Wu Jian

Annotations:
D:6 Dowan, Duvessa


Innate Abilities, Weirdness & Mutations

You passively map the area around you.
You are easily found by Zot.
You glow in the dark.
You regain HP and MP as you explore.


Message History

The orc warrior hits your gnoll with a +0 spear!
Your gnoll dies!
Your gnoll's corpse dissolves into shadows!
The orc knight hits your gnoll with a +0 glaive!!!
Your gnoll is killed!
Your gnoll's corpse dissolves into shadows!
Your gnoll misses the orc warrior.
Your gnoll hits the orc knight from afar with a +0 spear!
There is a gate leading back out of this place here.
Aiming: Polymorph
Press: ? - help, Shift-Dir - straight line, f - orc knight, p - orc knight
Aim: an orc knight, wielding a +0 glaive and wearing a +0 scale mail (strong, will become a bunyip, a moth of wrath, or a jumping spider, chance to affect: 45%)
Okay, then.
Unknown command.
Unknown command.
Unknown command.
Okay, then.
Casting: Summon Ice Beast (dangerous; 26% risk of failure)
Confirm with . or Enter, or press ? or * to list all spells.
Okay, then.
Unknown command.
Casting: Summon Ice Beast (dangerous; 26% risk of failure)
Confirm with . or Enter, or press ? or * to list all spells.
A chill wind blows around you.
The orc knight hits your gnoll with a +0 glaive!!
Your gnoll dies!
Your gnoll's corpse dissolves into shadows!
Casting: Summon Ice Beast (dangerous; 26% risk of failure)
Confirm with . or Enter, or press ? or * to list all spells.
Aiming: Stone Arrow (safe; 1% risk of failure)
Press: ? - help, Shift-Dir - straight line, f - orc warrior, p - orc knight
Aim: an orc warrior, wielding a +0 spear and wearing a +0 chain mail (moderately wounded, strong, ally target, 71% to hit)
The stone arrow hits the orc warrior!!
You kill the orc warrior!
Your Summonings skill increases to level 3!
You have reached level 10!
Your ice beast misses the orc knight.
Your gnoll hits the orc knight with a +0 spear.
The orc knight hits you from afar with a +0 glaive!!!
You die...

############ ####
##..........###...
#............)....
#.Yo??...[...'....
#@.?)?.......'....
#...g?.go....'....
#......oo....'....
##.......(..###...
############ ####


You could see 2 orc knights, a friendly ice beast (summoned), a friendly orc
wizard (summoned), 2 friendly gnolls and a friendly orc (summoned).

Vanquished Creatures
  A two-headed ogre (D:8)
  4 orc warriors
  An ice beast (D:5)
  An ogre (D:6)
  A centaur (Bailey)
  2 elf zombies (Ossuary)
  A kobold brigand (D:7)
  A bullfrog (D:7)
  5 wights (D:8)
  3 killer bees (D:8)
  3 orc priests
  A hound (D:6)
  A human zombie (Ossuary)
  6 orc wizards
  4 mummies (Ossuary)
  A gnoll (D:5)
  2 adders
  An ufetubus (D:5)
  An adder zombie (Ossuary)
  3 worms (D:2)
  38 orcs
  3 ball pythons
  3 endoplasms
  A giant cockroach (D:1)
  2 goblins (D:2)
  3 hobgoblins
  8 kobolds
  2 quokkas
  2 ball python skeletons (D:2)
  2 bats (D:2)
  2 frilled lizards (D:2)
  A gnoll zombie (Ossuary)
  2 goblin zombies (Ossuary)
  2 jackal zombies (Ossuary)
  2 kobold zombies (Ossuary)
  An orc zombie (Ossuary)
117 creatures vanquished.

Vanquished Creatures (others)
  6 plants (D:6)
6 creatures vanquished.

Grand Total: 123 creatures vanquished

Notes
Turn   | Place    | Note
-------+----------+-------------------------------------------
     0 | D:1      | redmage the Meteoran Earth Elementalist began the quest for
                  | the Orb.
     0 | D:1      | Reached XP level 1. HP: 14/14 MP: 5/5
    28 | D:1      | Found a faded altar of an unknown god.
    43 | D:1      | Prayed at the altar of an unknown god.
    43 | D:1      | Became a worshipper of Ashenzari the Shackled
    77 | D:2      | Reached XP level 2. HP: 20/20 MP: 5/7
   193 | D:2      | Reached XP level 3. HP: 17/26 MP: 1/8
   196 | D:2      | Learned a level 2 spell: Passwall
   200 | D:2      | Learned a level 3 spell: Stone Arrow
   414 | D:3      | Reached XP level 4. HP: 33/33 MP: 8/10
   459 | D:5      | Entered Level 5 of the Dungeon
   498 | D:5      | Found a sand-covered staircase.
   524 | Ossuary  | Entered an ossuary
   540 | Ossuary  | Reached skill level 5 in Earth Magic
   547 | Ossuary  | Reached XP level 5. HP: 38/38 MP: 4/12
   583 | Ossuary  | Reached skill level 5 in Spellcasting
   583 | Ossuary  | Reached XP level 6. HP: 16/45 MP: 1/14
   831 | D:6      | Noticed an ogre
   875 | D:5      | Reached XP level 7. HP: 41/51 MP: 10/17
   883 | D:5      | Found an ornate altar of the Wu Jian Council.
   910 | D:6      | Noticed Duvessa
   910 | D:6      | Noticed Dowan
   922 | D:5      | Reached skill level 1 in Fighting
   922 | D:5      | Reached skill level 1 in Conjurations
   922 | D:5      | Reached skill level 1 in Evocations
  1058 | D:7      | Found a staircase to the Ecumenical Temple.
  1090 | D:7      | Found a sparkling altar of Nemelex Xobeh.
  1092 | D:7      | Reached XP level 8. HP: 62/62 MP: 17/19
  1160 | D:8      | Noticed a two-headed ogre
  1194 | D:8      | Killed a two-headed ogre
  1195 | D:8      | Gained mutation: You passively map the area around you.
                  | [Meteoran growth]
  1195 | D:8      | Reached XP level 9. HP: 71/71 MP: 11/21
  1312 | D:8      | Reached skill level 5 in Evocations
  1325 | D:8      | Reached skill level 5 in Conjurations
  1356 | D:8      | Found a flagged portal.
  1405 | Bailey   | Entered a bailey
  1411 | Bailey   | Learned a level 4 spell: Summon Ice Beast
  1518 | Bailey   | Reached skill level 1 in Summonings
  1518 | Bailey   | Reached skill level 1 in Ice Magic
  1549 | Bailey   | Noticed an orc knight
  1601 | Bailey   | Noticed an orc knight
  1616 | Bailey   | Reached XP level 10. HP: 14/81 MP: 8/23
  1617 | Bailey   | Annihilated by an orc knight

Illustrated notes

Levels and vault maps discovered:
D:1:      heliophobic_arrival_enchanted_forest, layout_basic,
          ebering_ecumenical_altar_box, serial_rivers,
          chequers_serial_rivers_large_a, chequers_serial_rivers_room_b,
          chequers_serial_rivers_micro_d, chequers_serial_rivers_small_b,
          chequers_serial_rivers_small_b, chequers_serial_rivers_marsh
D:2:      layout_loops_ring, serial_undead, serial_undead_b, serial_undead_d,
          serial_undead_e, serial_undead_d, basic_altar, chequers_mini_garden,
          kennysheep_generic_room_12
D:3:      layout_basic, grunt_decor_fettered
D:4:      layout_basic, lexackson_kobold_supper
D:5:      layout_rooms, nzn_wu_jian_contemplation,
          lightli_ossuary_entry_decrepit_ruins, minmay_increasing_density
D:6:      minmay_bubble_buster, layout_loops_ring, serial_bayou_lagoon_a,
          uniq_duvessa
D:7:      layout_basic, chequers_temple_overflow_minitemple,
          mainiacjoe_overflow_24_doors, nicolae_qazlal_scattered_showers,
          temple_green, gammafunk_ghost_grave
D:8:      layout_rooms, okawaru_gym_becter, enter_bailey_8
Bailey:   bailey_polearm_5, bailey

Skill      XL: |  1  2  3  4  5  6  7  8  9 |
---------------+----------------------------+-----
Spellcasting   | 3 4 5 6 7 8 |  8.0
Earth Magic    | 4 5 6 7 8 |  8.3
Fighting       | 2 3 4 |  4.6
Conjurations   | 2 3 5 |  5.0
Evocations     | 2 4 5 |  5.1
Summonings     | 3 |  3.0
Ice Magic      | 2 |  2.7
Dodging        | |  2.4
Stealth        | |  1.4
Transmutations | |  1.2

Action                   |  1- 3 |  4- 6 |  7- 9 | 10-12 || total
-------------------------+-------+-------+-------+-------++-------
Melee: Unarmed           |     1 |     1 |     2 |       ||     4
       Punch             |       |       |     1 |       ||     1
Throw: Dart              |       |       |     1 |       ||     1
 Cast: Sandblast         |    36 |    66 |    87 |       ||   189
       Stone Arrow       |       |     1 |    24 |       ||    25
       Passwall          |       |       |     4 |       ||     4
       Summon Ice Beast  |       |       |     4 |       ||     4
Invok: Curse Item        |       |     1 |       |       ||     1
Evoke: Wand              |       |       |     7 |       ||     7
  Use: Scroll            |       |    11 |     6 |       ||    17
       Potion            |       |       |     1 |       ||     1
Armor: Robe              |     2 |    27 |    13 |       ||    42
Dodge: Dodged            |    11 |    42 |    20 |       ||    73
